 Dungeon Crawl Stone Soup version 0.14-a0-1876-g927fc3a (webtiles) character file.

5105 Kae the Martial Artist (level 10, 0/71 HPs)
             Began as a Red Draconian Transmuter on Jan 14, 2014.
             Was a Follower of Sif Muna.
             Slain by an orc warrior
             ... wielding a -1,+1 orcish halberd
              (18 damage)
             ... on Level 8 of the Dungeon.
             The game lasted 00:19:31 (9887 turns).

Kae the Martial Artist (Red Draconian Transmuter)   Turns: 9887, Time: 00:19:32

HP   0/71        AC  4     Str 13      XL: 10   Next: 21%
MP  14/16        EV 19     Int 16      God: Sif Muna [*.....]
Gold 428         SH  0     Dex 19      Spells:  4 memorised,  2 levels left

rFire  . . .     SeeInvis .       - Unarmed
rCold  . . .     Clarity  .     (armour unavailable)
rNeg   . . .     Conserve .     (shield currently unavailable)
rPois  x         rCorr    .     (helmet currently unavailable)
rElec  .         rRot     .     f - melded +1 cloak
SustAb . .       Spirit   .     B - melded +0 pair of elf gloves
rMut   .         Warding  .     H - melded +0 pair of boots
Saprov . . .     Stasis   .     (no amulet)
MR     +....                    t - cursed +2 ring of protection
                                e - +6,+5 ring of slaying

@: spider-form (expiring), quick, somewhat resistant to hostile enchantments,
unstealthy
A: (breathe fire), unfitting armour, (stinger 0), clever 1, (fire resistance 0),
magic resistance 1, AC +7
a: End Transformation, Channel Energy, Renounce Religion


You were on level 8 of the Dungeon.
You worshipped Sif Muna.
Sif Muna was aware of your devotion.
You were hungry.
You were in spider-form.
You visited 2 branches of the dungeon, and saw 9 of its levels.
You also visited: Sewer and Ossuary.

You collected 428 gold pieces.

Inventory:

Missiles
 b - 24 arrows
 y - 7 tomahawks (quivered)
 z - 5 steel tomahawks
 J - 4 tomahawks of returning
Armour
 f - a +1 cloak (melded)
 B - a +0 pair of elven gloves (melded)
 H - a +0 pair of boots (melded)
Magical devices
 G - a wand of random effects (9)
 K - a wand of lightning (3) {unknown}
 L - a wand of flame (11) {unknown}
Comestibles
 a - 5 bread rations
 h - a choko
 k - 2 apples
 o - 6 beef jerkies
 v - 2 meat rations
Scrolls
 g - a scroll of fog
 n - a scroll of immolation
 A - a scroll of amnesia
 C - 2 scrolls of remove curse
 D - 3 scrolls of fear
 F - 2 scrolls of teleportation
 I - a scroll of magic mapping
Jewellery
 e - a +6,+5 ring of slaying (left front leg)
 j - an uncursed amulet of resist mutation
 s - a cursed ring of teleportation
 t - a cursed +2 ring of protection (right front leg)
 P - an uncursed ring of sustenance
Potions
 c - 4 potions of flight
 i - 7 potions of curing
 l - 4 potions of brilliance
 m - a potion of magic
 q - a potion of might
 r - 2 potions of poison
 u - 2 potions of restore abilities
 w - 2 potions of invisibility
 E - a potion of heal wounds
Books
 d - a book of Changes

   Spells                             Type                      Level
   *Beastly Appendage                 Transmutation                1
   *Sticks to Snakes                  Transmutation                2
   *Spider Form                       Transmutation/Poison         3
   Ice Form                           Ice/Transmutation            4
   *Blade Hands                       Transmutation                5
 p - a book of Changes

   Spells                             Type                      Level
   *Beastly Appendage                 Transmutation                1
   *Sticks to Snakes                  Transmutation                2
   *Spider Form                       Transmutation/Poison         3
   Ice Form                           Ice/Transmutation            4
   *Blade Hands                       Transmutation                5


   Skills:
 - Level 1.1 Fighting
 - Level 1.7 Dodging
 * Level 12.5 Unarmed Combat
 - Level 2.0 Spellcasting
 + Level 8.6 Transmutations


You had 2 spell levels left.
You knew the following spells:

 Your Spells              Type           Power        Failure   Level  Hunger
a - Beastly Appendage     Trmt           ####..       4%          1    #......
b - Sticks to Snakes      Trmt           ####......   4%          2    ###....
c - Spider Form           Trmt/Pois      ###.......   28%         3    ####...
d - Blade Hands           Trmt           ####......   36%         5    ######.


Dungeon Overview and Level Annotations

Branches:
Dungeon (8/16)             Temple (1/1) D:5
   Lair: D:8-11

Altars:
Fedhas
Makhleb
Nemelex Xobeh
Okawaru
Sif Muna
Xom
Zin
the Shining One

Shops:
D:7 (   D:8 (


Innate Abilities, Weirdness & Mutations

((You can breathe blasts of fire.))*
((Your fiery red scales are hard (AC +7).))*
Your body does not fit into most forms of armour.
Your cold-blooded metabolism reacts poorly to cold.
((Your flesh is heat resistant.))*
((Your tail ends in a poisonous barb.))*
Your mind is acute. (Int +2)
You are resistant to hostile enchantments.


Message History

The orc wizard completely misses you.
You bite the orc warrior!
The orc warrior is heavily wounded.
The orc warrior barely misses you.
The orc wizard hits you with a glowing falchion.
You are electrocuted!
Unknown command.
You hit the orc warrior.
The orc warrior looks even sicker.
The orc warrior is severely wounded.
The orc warrior hits you with an orcish halberd.
You barely miss the orc wizard.
The orc wizard points at you and mumbles some strange words.
The puff of flame misses you.
You barely miss the orc warrior.
The orc warrior is almost dead.
Your transformation is almost over.
The orc wizard hits you with a falchion of electrocution.
* * * LOW HITPOINT WARNING * * *
The orc warrior hits you with an orcish halberd!
You die...

..........##
..?........##
............##
.............##
..............###
.......(...)..%)#
.............##'##
...........o##♣o♣#
..........o.##.os##
............#._._.#
........o...###8###
..............###
.................
...................
...................
................(.
.................


You could see an orc warrior and an orc wizard.

Vanquished Creatures
  Joseph (D:7)
  A wandering mushroom (D:7)
  A hungry ghost (D:8)
  3 orc warriors
  Purgy (Sewer)
  A phantom (D:6)
  3 ogres
  The ghost of Kae the Insei, an average DrTm (D:3)
  2 giant goldfish (D:7)
  A sky beast (D:7)
  An elf zombie (Ossuary)
  6 giant frogs
  10 killer bees
  2 jellyfish (D:7)
  4 wights (D:7)
  4 electric eels (D:7)
  5 crimson imps
  3 centaur zombies
  5 orc priests
  2 human zombies (Ossuary)
  Crazy Yiuf (D:2)
  A jelly (D:6)
  4 big fish (D:7)
  3 iguanas
  9 orc wizards
  4 worker ants
  A scorpion (D:8)
  A hound skeleton (D:4)
  3 mummies
  8 gnolls
  A green rat (D:6)
  7 adders
  An inept feature mimic (D:2)
  3 giant mites
  4 worms
  An adder zombie (Ossuary)
  A grey rat (D:6)
  2 giant geckos
  An ooze (D:2)
  37 orcs
  4 ball pythons (Sewer)
  4 giant cockroaches
  12 goblins
  9 hobgoblins
  4 jackals (D:1)
  12 kobolds
  4 quokkas
  10 bats
  A giant gecko zombie (D:5)
  12 giant newts
  5 goblin zombies
  8 hobgoblin zombies (Ossuary)
  A kobold skeleton (D:8)
  10 kobold zombies (Ossuary)
  2 orc skeletons
  8 orc zombies (Ossuary)
  12 rats
  2 rat zombies (Ossuary)
  2 fungi (D:7)
272 creatures vanquished.

Vanquished Creatures (others)
  A giant spore (D:8)
  A butterfly (D:7)
2 creatures vanquished.

Grand Total: 274 creatures vanquished

Notes
Turn   | Place    | Note
--------------------------------------------------------------
     0 | D:1      | Kae, the Draconian Transmuter, began the quest for the Orb.
     0 | D:1      | Reached XP level 1. HP: 16/16 MP: 3/3
    17 | D:1      | Reached XP level 2. HP: 21/23 MP: 2/4
   659 | D:1      | Reached XP level 3. HP: 28/28 MP: 6/6
   761 | D:1      | Reached skill level 4 in Unarmed Combat
  1501 | D:2      | Learned a level 2 spell: Sticks to Snakes
  1505 | D:2      | Learned a level 3 spell: Spider Form
  1790 | D:2      | Noticed Crazy Yiuf
  1810 | D:2      | Reached XP level 4. HP: 32/35 MP: 7/7
  1869 | D:2      | Killed Crazy Yiuf
  2103 | D:3      | Noticed Kae's ghost (average DrTm)
  2660 | D:3      | Killed Kae's ghost
  2660 | D:3      | Reached skill level 5 in Unarmed Combat
  2660 | D:3      | Reached XP level 5. HP: 27/40 MP: 7/9
  3101 | D:4      | Found a sand-covered staircase.
  3117 | Ossuary  | Entered an ossuary
  3234 | Ossuary  | Reached XP level 6. HP: 34/47 MP: 8/10
  3246 | Ossuary  | Reached skill level 6 in Unarmed Combat
  3722 | D:4      | Your scales start taking on a fiery red colour.
  3722 | D:4      | Gained mutation: Your flesh is heat resistant. [draconian maturity]
  3722 | D:4      | Reached XP level 7. HP: 12/52 MP: 12/12
  4059 | D:4      | Reached skill level 7 in Unarmed Combat
  4735 | D:5      | Entered Level 5 of the Dungeon
  4821 | D:5      | Found a sparkling altar of Nemelex Xobeh.
  5089 | D:5      | Reached skill level 5 in Transmutations
  5181 | D:5      | Reached skill level 8 in Unarmed Combat
  5463 | D:5      | Found a staircase to the Ecumenical Temple.
  5473 | Temple   | Entered the Ecumenical Temple
  5482 | Temple   | Became a worshipper of Sif Muna the Loreminder
  5906 | D:6      | Reached XP level 8. HP: 56/59 MP: 13/13
  5976 | D:6      | Found a glowing drain.
  5980 | Sewer    | Entered a sewer
  5996 | Sewer    | Learned a level 5 spell: Blade Hands
  6044 | Sewer    | Noticed Purgy
  6055 | Sewer    | Killed Purgy
  6217 | D:6      | Gained mutation: Your tail ends in a poisonous barb. [potion of beneficial mutation]
  6220 | D:6      | Gained mutation: You are resistant to hostile enchantments. [potion of beneficial mutation]
  6221 | D:6      | Gained mutation: Your mind is acute. (Int +2) [potion of beneficial mutation]
  6432 | D:6      | Reached skill level 9 in Unarmed Combat
  7213 | D:7      | Reached skill level 10 in Unarmed Combat
  7365 | D:7      | Reached XP level 9. HP: 29/64 MP: 12/14
  7507 | D:7      | Acquired Sif Muna's first power
  7596 | D:7      | Noticed Joseph
  7604 | D:7      | HP: 1/64 [Joseph/uncursed glowing quarterstaff (17)]
  7614 | D:7      | Killed Joseph
  7977 | D:7      | Found a blossoming altar of Fedhas.
  8107 | D:7      | Reached skill level 11 in Unarmed Combat
  8157 | D:7      | Found Fely's Weapon Boutique.
  8171 | D:7      | Noticed a wandering mushroom
  8181 | D:7      | Killed a wandering mushroom
  8654 | D:7      | Reached skill level 12 in Unarmed Combat
  8917 | D:7      | Reached XP level 10. HP: 71/71 MP: 16/16
  9054 | D:8      | Found a glowing silver altar of Zin.
  9442 | D:8      | Found Striyx's Weapon Boutique.
  9705 | D:8      | Found a blossoming altar of Fedhas.
  9706 | D:8      | Found a glowing golden altar of the Shining One.
  9887 | D:8      | Slain by an orc warrior

Action                   |  1- 3 |  4- 6 |  7- 9 | 10-12 || total
-------------------------+-------+-------+-------+-------++-------
Melee: Unarmed           |   176 |   180 |   322 |    70 ||   748
 Cast: Beastly Appendage |    10 |    10 |    33 |    10 ||    63
       Spider Form       |       |     1 |     3 |     3 ||     7
 Abil: Breathe Fire      |       |       |     6 |       ||     6
Evoke: Wand              |       |       |     1 |       ||     1
  Use: Scroll            |     7 |     6 |    11 |     2 ||    26
       Potion            |       |     1 |    10 |       ||    11
